 Dungeon Crawl Stone Soup version 0.32-a0-468-g38b2580584 (webtiles) character file.

Game seed: 12974882139979890610

143 Angani the Chopper (level 5, -9/42 HPs)
             Began as a Coglin Chaos Knight on Feb 24, 2024.
             Was a Plaything of Xom.
             Mangled by a sleepcap (12 damage)
             ... on level 4 of the Dungeon.
             The game lasted 00:03:55 (2576 turns).

Angani the Chopper (Coglin Chaos Knight)            Turns: 2576, Time: 00:03:55

Health: -9/42      AC:  6    Str: 15    XL:     5   Next: 25%
Magic:  5/5        EV:  2    Int: 11    God:    Xom [..*...]
Gold:   191        SH:  0    Dex: 13    Spells: 4/4 levels left

rFire   . . .        o - +0 war axe {Chiraphon}
rCold   . . .        (no shield)
rNeg    . . .        g - +0 scale mail
rPois   .            (helmet currently unavailable)
rElec   .            (cloak currently unavailable)
rCorr   .            (gloves currently unavailable)
SInv    .            (boots currently unavailable)
Will    .....        e - amulet of magic regeneration Stlth
                     (ring unavailable)
HPRegen 0.27/turn    (ring unavailable)
MPRegen 0.49/turn

%: no passive effects
@: beast-form, sleeping, revved
A: beast (slay +0), off-hand wielding, slow wielding, warmup strikes, no rings
a: Begin Untransformation, Renounce Religion


You were on level 4 of the Dungeon.
You worshipped Xom.
You were a toy of Xom.
You were a hulking beast.
You visited 1 branch of the dungeon, and saw 4 of its levels.

You collected 191 gold pieces.

Inventory:

Hand Weapons
 o - a +0 war axe (weapon) {Chiraphon}
Armour
 g - a +0 scale mail (worn)
 m - a +0 cloak
Jewellery
 e - an amulet of magic regeneration (around neck)
Talismans
 i - a beast talisman (active)
Scrolls
 c - a scroll of butterflies
 f - 2 scrolls of amnesia {unknown}
 h - a scroll of poison
 j - a scroll of teleportation {unknown}
 p - 2 scrolls of revelation {unknown}
 q - a scroll of enchant weapon
 r - a scroll of vulnerability {unknown}
Potions
 a - a potion of berserk rage
 b - 2 potions of curing
 d - a potion of enlightenment {unknown}
 k - a potion of might
 l - a potion of brilliance
 n - a potion of attraction


   Skills:
 + Level 3.6 Fighting
 + Level 3.6 Axes
 + Level 2.5 Armour
 + Level 2.0 Dodging
 * Level 1.6 Shapeshifting


You had 4 spell levels left.
You didn't know any spells.
Your spell library contained the following spells:

 Spells                   Type           Power      Damage    Failure   Level
 Necrotise                Necr           0%         1d4       80%         1
 Vampiric Draining        Necr           0%         2d6       99%         3
 Martyr's Knell           Necr/Summ      0%         N/A       100%        4
 Summon Blazeheart Golem  Fire/Summ      0%         N/A       100%        4
 Curse of Agony           Necr           0%         N/A       100%        5
 Orb of Destruction       Conj           0%         9d5       100%        7
 Spellforged Servitor     Conj/Summ      0%         N/A       100%        7


Dungeon Overview and Level Annotations

Branches:
Dungeon (4/15)
 Temple: D:4-7

Altars:
Qazlal


Innate Abilities, Weirdness & Mutations

You are a hulking beast.
Your limbs bulge with bestial killing power. (Slay +0)
You can wield a second weapon in your off-hand.
It takes a long time for you to wield or remove held weapons.
Your first few attacks do less damage.
Your grasper-arms cannot wear rings.


Message History

The sleepcap releases spores at you but does no damage.
The sleepcap releases spores at you!
You wake up.
You hit the sleepcap.
The sleepcap is moderately damaged.
The sleepcap barely misses you.
You hit the sleepcap.
The sleepcap is heavily damaged.
The sleepcap releases spores at you.
You are engulfed in a cloud of soporific spores!
You are unaffected.
The sleepcap misses you.
Unknown command.
You hit the sleepcap but do no damage.
The sleepcap is heavily damaged.
The sleepcap releases spores at you.
You are engulfed in a cloud of soporific spores!
You fall asleep.
The sleepcap releases spores at you!
You wake up.
* * * LOW HITPOINT WARNING * * *
Unknown command.
You hit the sleepcap.
The sleepcap is heavily damaged.
The sleepcap barely misses you.
Unknown command.
You hit the sleepcap.
The sleepcap is heavily damaged.
The sleepcap closely misses you. The sleepcap misses you.
Unknown command.
You hit the sleepcap.
The sleepcap is severely damaged.
The sleepcap releases spores at you but does no damage.
Unknown command.
You hit the sleepcap.
The sleepcap is almost destroyed.
The sleepcap releases spores at you.
* * * LOW HITPOINT WARNING * * *
You are engulfed in a cloud of soporific spores!
You fall asleep.
The sleepcap releases spores at you!
You die...
Xom chortles!

## ... .... #..#
####..# ##.....
########...#
#..............fh..#
.............####..#
.......... #..#
......... #..#
......... #..#
......... #..#
......... ##.##
.<....... ##..###
......... ##.....##


You could see a sleepcap.

Vanquished Creatures
  An orc priest (D:3)
  Natasha (D:1)
  2 adders
  A dart slug (D:2)
  2 ribbon worms
  4 orcs (D:3)
  4 endoplasms
  2 giant cockroaches
  4 goblins
  7 hobgoblins
  7 jackals
  A quokka (D:1)
  A ball python (D:2)
  5 bats
  3 frilled lizards
  6 kobolds
  8 rats
59 creatures vanquished.

Notes
Turn   | Place    | Note
-------+----------+-------------------------------------------
     0 | D:1      | Angani the Coglin Chaos Knight began the quest for the Orb.
     0 | D:1      | Reached XP level 1. HP: 18/18 MP: 1/1
     7 | D:1      | XOM: silly message
    15 | D:1      | Reached skill level 1 in Dodging
    22 | D:1      | Reached XP level 2. HP: 15/24 MP: 2/2
   209 | D:1      | XOM is BORED!
   209 | D:1      | XOM: silly message
   598 | D:1      | Reached XP level 3. HP: 29/29 MP: 3/3
   675 | D:1      | Found a faded altar of an unknown god.
   779 | D:2      | Noticed Natasha
   786 | D:2      | XOM: potion effect (brilliance)
   870 | D:1      | Killed Natasha
   871 | D:1      | Reached XP level 4. HP: 12/35 MP: 4/4
   970 | D:2      | Reached skill level 1 in Shapeshifting
  1529 | D:2      | XOM: noise
  1796 | D:3      | XOM: butterfly on damage
  1799 | D:3      | Reached XP level 5. HP: 19/41 MP: 5/5
  1863 | D:3      | XOM: silly message
  1952 | D:3      | Found a stormy altar of Qazlal.
  1952 | D:3      | XOM: 3-stop teleportation journey
  1968 | D:3      | XOM: 5-stop teleportation journey
  2026 | D:3      | XOM: enchant monster (good)
  2467 | D:3      | XOM: noise
  2575 | D:4      | HP: 2/42 [sleepcap (6)]
  2576 | D:4      | Mangled by a sleepcap

Illustrated notes

Levels and vault maps discovered:
D:1:      eino_arrival_tree_alley, layout_basic,
          hellmonk_ecumenical_altar_prayer_group
D:2:      layout_loops_ring, uniq_natasha
D:3:      layout_loops_cross, mainiacjoe_overflow_cross_hatched,
          minmay_misc_feat_diagonals, patterned_corridor
D:4:      layout_cave_pods, serial_shops, nicolae_shop_real_fake_doors,
          guppyfry_shop_venom, uniq_blork_the_orc

Skill      XL: |  1  2  3  4  5 |
---------------+----------------+-----
Dodging        | 1 2 |  2.0
Armour         | 2 |  2.5
Shapeshifting  | 1 |  1.6
Fighting       | |  3.6
Axes           | |  3.6

Action                     |  1- 3 |  4- 6 || total
---------------------------+-------+-------++-------
  Melee: Hand axe          |    58 |    65 ||   123
         War axe           |       |    30 ||    30
    Use: Potion            |     1 |       ||     1
         Scroll            |       |     6 ||     6
   Stab: Sleeping          |     1 |       ||     1
         Confused          |       |     2 ||     2
 Armour: Leather armour    |    27 |       ||    27
         Scale mail        |    37 |    76 ||   113
  Dodge: Dodged            |    35 |    56 ||    91
   Form: Beast             |     1 |       ||     1

Table legend: (Time is in decaauts)
 A = Elapsed time spent in this place.
 B = Non-inter-level travel time spent in this place.
 C = Inter-level travel time spent in this place.
 D = Time resting spent in this place.
 E = Time spent auto-exploring this place.
 F = Levels seen in this place.
 G = Mean time per level.
                   A        B        C        D        E       F      G
               +--------+--------+--------+--------+--------+-----+--------+
         Total |   2616 |   2493 |    123 |    382 |   1667 |   4 |  654.0 |
       Dungeon |   2616 |   2493 |    123 |    382 |   1667 |   4 |  654.0 |
               +--------+--------+--------+--------+--------+-----+--------+

Top non-repeatable levels by time:
     D:1: 961 daAuts
     D:2: 853 daAuts
     D:3: 705 daAuts
     D:4: 95 daAuts
